 Dungeon Crawl Stone Soup version 0.24-a0-584-g9d6b971 (console) character file.

Game seed: 15806147049840875346, levelgen mode: deterministic

98 vegansnacktivist the Insei (level 4, -2/32 HPs)
             Began as a Demonspawn Transmuter on Sept 6, 2019.
             Killed from afar by an orc wizard (11 damage)
             ... with a puff of flame
             ... on level 3 of the Dungeon.
             The game lasted 00:05:09 (2819 turns).

vegansnacktivist the Insei (Demonspawn Transmuter)  Turns: 2819, Time: 00:05:10

Health: -2/32      AC:  2    Str: 12    XL:     4   Next: 43%
Magic:  0/7        EV: 12    Int: 14    God:
Gold:   127        SH:  0    Dex: 13    Spells: 1/7 levels left

rFire    . . .     SeeInvis .     - Unarmed
rCold    + . .     Gourm    .   (no shield)
rNeg     . . .     Faith    .   b - +0 robe
rPois    .         Spirit   +   (helmet restricted)
rElec    .         Reflect  .   (no cloak)
rCorr    .         Harm     .   (no gloves)
MR       .....                  (no boots)
Stlth    +.........             (no amulet)
HPRegen  0.10/turn              (no ring)
MPRegen  0.10/turn              (no ring)

@: very slightly contaminated
A: antennae 1, cold resistance 1, magic shield
a: no special abilities


You were on level 3 of the Dungeon.
You were near starving.

You visited 1 branch of the dungeon, and saw 3 of its levels.

You collected 127 gold pieces.

Inventory:

Missiles
 a - 25 arrows
Armour
 b - a +0 robe (worn)
 f - a scarf of spirit shield
Wands
 n - a wand of paralysis (10)
Scrolls
 c - 6 scrolls of identify {unknown}
 h - a scroll of immolation {unknown}
 i - a scroll of fog {unknown}
 j - 2 scrolls of remove curse {unknown}
 m - 2 scrolls of magic mapping {unknown}
 o - a scroll of enchant weapon {unknown}
 r - a scroll of random uselessness {unknown}
 s - a scroll of teleportation {unknown}
Potions
 e - a potion of cancellation {unknown}
 g - a potion of berserk rage {unknown}
 k - a potion of curing {unknown}
 l - 3 potions of heal wounds {unknown}
 p - 2 potions of haste {unknown}
 q - a potion of degeneration {unknown}
 t - a potion of lignification {unknown}
 u - a potion of might {unknown}
Comestibles
 d - 8 rations


   Skills:
 - Level 1.0 Fighting
 - Level 1.7 Dodging
 + Level 4.8 Unarmed Combat
 - Level 2.0 Spellcasting
 - Level 1.7 Transmutations


You had one spell level left.
You knew the following spells:

 Your Spells              Type           Power        Failure   Level  Hunger
a - Beastly Appendage     Tmut           #.....       12%         1    ##.....
b - Sticks to Snakes      Tmut           #.......     17%         2    ###....
c - Spider Form           Tmut/Pois      #.........   45%         3    ####...

Your spell library contained the following spells:

 Spells                   Type           Power        Failure   Level  Hunger
 Ice Form                 Ice/Tmut       #.......     86%         4    #####..
 Blade Hands              Tmut           #.........   97%         5    ######.


Dungeon Overview and Level Annotations

Branches:
Dungeon (3/15)

Altars:


Innate Abilities, Weirdness & Mutations

You have a pair of small antennae on your head.
Your flesh is cold resistant. (rC+)
When hurt, damage is shared between your health and your magic reserves.


Message History

You closely miss the goblin. The orc wizard barely misses you.
The goblin hits you.
You closely miss the orc wizard.
The orc wizard hits you but does no damage.
The goblin hits you but does no damage.
You barely miss the orc wizard.
The orc wizard hits you with a +0 dagger.
The goblin hits you.
You closely miss the orc wizard.
The orc wizard hits you but does no damage.
The goblin hits you.
You hit the orc wizard but do no damage.
The orc wizard points at you and mumbles some strange words.
The puff of flame hits you!
You hit the orc wizard but do no damage.
The goblin hits you.
* * * LOW HITPOINT WARNING * * *
The orc wizard points at you and mumbles some strange words.
The puff of flame hits you!
You die...

......................###
.......................#.
###...........##........
########..<...........##....#
#...##............######....#
#..[##.##.(.......### #....#
#...g..#............####....#
#..........o..[...#...##....#
####.....####.g@)....#..........
#o..g...##{{##.##.####.....>.##.
#..#####.#{ ...##............###
... #.# ##..######...........
..o #.# ##...............### ...
#.. #..######.......# # o.. ...
#..# #.......# ... #. #.
#.......# ... #.......#


You could see an orc wizard and a goblin.

Vanquished Creatures
  2 adders
  2 oozes
  4 worms
  4 dart slugs
  A leopard gecko (D:1)
  2 orcs (D:3)
  A ball python (D:2)
  6 bats
  3 giant cockroaches (D:1)
  3 hobgoblins
  6 kobolds
  A quokka (D:2)
  5 frilled lizards
  7 goblins
  3 rats
50 creatures vanquished.

Notes
Turn   | Place    | Note
-------+----------+-------------------------------------------
     0 | D:1      | vegansnacktivist the Demonspawn Transmuter began the quest
                  | for the Orb.
     0 | D:1      | Reached XP level 1. HP: 15/15 MP: 3/3
    59 | D:1      | Reached skill level 3 in Unarmed Combat
   331 | D:1      | Gained mutation: When hurt, damage is shared between your
                  | health and your magic reserves. [demonic ancestry]
   331 | D:1      | Reached XP level 2. HP: 21/21 MP: 3/5
   694 | D:1      | Gained mutation: Your flesh is cold resistant. (rC+)
                  | [demonic ancestry]
   694 | D:1      | Reached XP level 3. HP: 26/26 MP: 6/6
   782 | D:1      | Reached skill level 4 in Unarmed Combat
  1867 | D:2      | Gained mutation: You have a pair of small antennae on your
                  | head. [demonic ancestry]
  1867 | D:2      | Reached XP level 4. HP: 31/32 MP: 7/7
  2767 | D:2      | Learned a level 2 spell: Sticks to Snakes
  2771 | D:2      | Learned a level 3 spell: Spider Form
  2819 | D:3      | Killed from afar by an orc wizard

Levels and vault maps discovered:
D:1:      lightli_arrival_isolated_outpost, layout_basic, minmay_misc_feat_room,
          minmay_misc_feat_square, wad_floor_pattern_1
D:2:      layout_loops_ring, first_ration
D:3:      layout_rooms, lemuel_crystal_altar, minmay_close_crescents

Skill      XL: |  1  2  3 |
---------------+----------+-----
Unarmed Combat | 3 4 |  4.8
Fighting       | |  1.0
Dodging        | |  1.7
Spellcasting   | |  2.0
Transmutations | |  1.7

Action                   |  1- 3 |  4- 6 || total
-------------------------+-------+-------++-------
Melee: Unarmed           |   150 |    59 ||   209
       Kick              |     3 |     3 ||     6
       Headbutt          |     2 |       ||     2
       Punch             |     4 |       ||     4
 Cast: Beastly Appendage |     8 |     1 ||     9
       Spider Form       |       |     1 ||     1
 Stab: Sleeping          |     2 |     2 ||     4
  Eat: Chunk             |     3 |     2 ||     5
Armor: Robe              |    30 |    10 ||    40
Dodge: Dodged            |   108 |    29 ||   137

Table legend:
 A = Non-vault XP
 B = Vault XP
 C = Vault XP percentage of total XP
 D = Non-vault monster count
 E = Vault monster count
 F = Vault count percentage of total count
                 A         B        C        D         E       F
            +---------+---------+-------+---------+---------+-------
      Total |     140 |       0 |   0.0 |      50 |       0 |   0.0
            +---------+---------+-------+---------+---------+-------
        D:1 |      52 |       0 |   0.0 |      23 |       0 |   0.0
        D:2 |      61 |       0 |   0.0 |      21 |       0 |   0.0
        D:3 |      27 |       0 |   0.0 |       6 |       0 |   0.0
            +---------+---------+-------+---------+---------+-------
